General information
- name: BNet
- type: Ladder team game (AT/RT)
- host: Battle.net
- saver: hima
map: CentaurGrove
- players: 4
- length: 23:17
- speed: Fast
- version: 1.26 W3XP
- replay type: Public
» download(175 KB)
Players
team 1 (loser)
PRONESS[ACOA] (
yellow | 82 APM | 1918 actions | 23:16)
4 Mountain King
2 Storm Bolt
2 Bash
2 Paladin
1 Holy Light
1 Divine Shield
» actions
| Assign group hotkey | 32 | |
| Basic commands | 53 | |
| Build / train | 91 | |
| Enter build submenu | 27 | |
| Enter hero's abilities submenu | 6 | |
| Right click | 1122 | |
| Select / deselect | 300 | |
| Select group hotkey | 174 | |
| Use ability | 113 | |
1918 total
» units
| Peasant | 13 | |
| Footman | 17 | |
| Sorceress | 6 | |
| Knight | 18 | |
| Spell Breaker | 2 | |
56 total
» upgrades
| Defend | 1 | |
| Sorceress Training | 2 | |
| Animal War Training | 1 | |
| Plating | 1 | |
| Swords | 1 | |
| Lumber Harvesting | 1 | |
7 total
» buildings
| Barracks | 3 | |
| Farm | 11 | |
| Altar of Kings | 1 | |
| Lumber Mill | 2 | |
| Keep | 1 | |
| Scout Tower | 10 | |
| Arcane Vault | 2 | |
| Arcane Tower | 1 | |
| Guard Tower | 3 | |
| Castle | 1 | |
| Arcane Sanctum | 1 | |
| Blacksmith | 1 | |
| Town Hall | 1 | |
38 total
» build order
00:10 Barracks
00:14 Farm
00:19 Altar of Kings
00:49 Farm
00:54 Farm
00:57 Farm
01:37 Farm
01:55 Lumber Mill
03:51 Keep
03:54 Scout Tower
03:58 Scout Tower
04:01 Scout Tower
04:15 Arcane Vault
04:17 Arcane Vault
04:34 Arcane Tower
04:36 Guard Tower
05:08 Farm
06:22 Castle
07:01 Arcane Sanctum
07:15 Barracks
08:03 Scout Tower
08:05 Scout Tower
08:40 Farm
09:50 Blacksmith
10:20 Farm
10:24 Farm
14:11 Scout Tower
14:12 Scout Tower
14:12 Scout Tower
14:12 Scout Tower
14:13 Scout Tower
15:04 Guard Tower
15:20 Guard Tower
15:55 Town Hall
17:14 Lumber Mill
17:47 Barracks
20:11 Farm
20:12 Farm
» items
| Lesser Clarity Potion | 4 | |
| Scroll of Regeneration | 2 | |
| Potion of Healing | 2 | |
| Potion of Lesser Invulnerability | 2 | |
| Scroll of Town Portal | 2 | |
| Staff of Sanctuary | 1 | |
| Scroll of Healing | 1 | |
14 total
SIEGE_CHAMPION (
purple | 135 APM | 2925 actions | 21:38)
4 Mountain King
2 Storm Bolt
2 Bash
3 Paladin
2 Holy Light
1 Divine Shield
» actions
| Assign group hotkey | 54 | |
| Basic commands | 27 | |
| Build / train | 70 | |
| Enter build submenu | 19 | |
| Enter hero's abilities submenu | 7 | |
| Give item / drop item | 5 | |
| Right click | 1350 | |
| Select / deselect | 484 | |
| Select group hotkey | 804 | |
| Use ability | 105 | |
2925 total
» units
| Peasant | 15 | |
| Footman | 11 | |
| Priest | 6 | |
| Sorceress | 3 | |
| Spell Breaker | 8 | |
43 total
» upgrades
» buildings
| Altar of Kings | 1 | |
| Barracks | 1 | |
| Farm | 9 | |
| Lumber Mill | 1 | |
| Keep | 1 | |
| Arcane Vault | 1 | |
| Arcane Sanctum | 2 | |
| Town Hall | 1 | |
| Scout Tower | 3 | |
| Arcane Tower | 1 | |
21 total
» build order
00:05 Altar of Kings
00:08 Barracks
00:21 Farm
00:50 Farm
02:11 Farm
02:29 Lumber Mill
02:43 Farm
03:25 Keep
03:48 Farm
03:57 Arcane Vault
06:09 Arcane Sanctum
06:14 Arcane Sanctum
07:28 Farm
08:12 Town Hall
09:55 Scout Tower
09:59 Scout Tower
09:59 Scout Tower
11:10 Arcane Tower
12:50 Farm
13:03 Farm
13:48 Farm
» items
| Boots of Speed | 1 | |
| Lesser Clarity Potion | 6 | |
| Scroll of Regeneration | 3 | |
| Scroll of Town Portal | 3 | |
| Potion of Healing | 2 | |
15 total
team 2 (winner)

»
DarkPallidan34 (
green | 217 APM | 5063 actions | 23:16)
5 Mountain King
3 Storm Bolt
2 Thunder Clap
2 Archmage
1 Brilliance Aura
1 Blizzard
» actions
| Assign group hotkey | 496 | |
| Basic commands | 135 | |
| Build / train | 129 | |
| Enter build submenu | 33 | |
| Enter hero's abilities submenu | 8 | |
| Give item / drop item | 5 | |
| Remove unit from queue | 1 | |
| Right click | 1873 | |
| Select / deselect | 519 | |
| Select group hotkey | 1630 | |
| Use ability | 234 | |
5063 total
» units
| Peasant | 24 | |
| Footman | 13 | |
| Rifleman | 4 | |
| Spell Breaker | 4 | |
| Mortar Team | 2 | |
| Knight | 7 | |
54 total
» upgrades
| Masonry | 2 | |
| Lumber Harvesting | 1 | |
| Long Rifles | 1 | |
| Fragmentation Shards | 1 | |
| Flare | 1 | |
| Plating | 1 | |
| Control Magic | 1 | |
8 total
» buildings
| Altar of Kings | 1 | |
| Barracks | 2 | |
| Farm | 10 | |
| Lumber Mill | 1 | |
| Town Hall | 1 | |
| Scout Tower | 5 | |
| Arcane Tower | 2 | |
| Keep | 3 | |
| Arcane Vault | 1 | |
| Blacksmith | 1 | |
| Guard Tower | 6 | |
| Arcane Sanctum | 2 | |
| Castle | 5 | |
| Gryphon Aviary | 2 | |
| Workshop | 3 | |
45 total
» build order
00:06 Altar of Kings
00:19 Barracks
00:33 Farm
00:48 Farm
01:33 Farm
04:06 Lumber Mill
04:51 Town Hall
04:56 Scout Tower
05:24 Arcane Tower
06:59 Keep
06:59 Keep
07:26 Arcane Vault
08:01 Scout Tower
08:02 Scout Tower
08:10 Blacksmith
08:14 Barracks
08:32 Guard Tower
08:38 Scout Tower
08:39 Scout Tower
09:53 Arcane Sanctum
09:53 Arcane Sanctum
10:28 Guard Tower
10:28 Guard Tower
10:28 Guard Tower
10:29 Guard Tower
11:04 Farm
12:23 Farm
12:23 Farm
13:08 Farm
13:08 Farm
15:04 Castle
15:05 Castle
15:05 Castle
15:52 Gryphon Aviary
15:53 Gryphon Aviary
16:17 Workshop
16:18 Workshop
16:19 Workshop
17:29 Farm
18:39 Farm
» items
| Boots of Speed | 1 | |
| Scroll of Healing | 4 | |
| Scroll of Protection | 1 | |
| Scroll of Town Portal | 4 | |
| Potion of Healing | 6 | |
| Potion of Mana | 4 | |
| Rod of Necromancy | 1 | |
| Lesser Clarity Potion | 2 | |
| Scroll of Regeneration | 2 | |
| Potion of Lesser Invulnerability | 3 | |
28 total

»
hima (
teal | 157 APM | 3667 actions | 23:17)
5 Death Knight
3 Death Coil
2 Unholy Aura
5 Pandaren Brewmaster
3 Breath of Fire
1 Drunken Haze
1 Drunken Brawler
4 Lich
2 Frost Nova
2 Dark Ritual
» actions
| Assign group hotkey | 47 | |
| Basic commands | 17 | |
| Build / train | 100 | |
| ESC pressed | 14 | |
| Enter build submenu | 14 | |
| Enter hero's abilities submenu | 14 | |
| Give item / drop item | 5 | |
| Right click | 1726 | |
| Select / deselect | 548 | |
| Select group hotkey | 994 | |
| Use ability | 188 | |
3667 total
» units
| Acolyte | 3 | |
| Ghoul | 9 | |
| Crypt Fiend | 21 | |
| Obsidian Statue | 7 | |
| Abomination | 5 | |
45 total
» upgrades
| Web | 1 | |
| Destroyer Form | 1 | |
| Ghoul Frenzy | 1 | |
| Disease Cloud | 1 | |
4 total
» buildings
| Graveyard | 1 | |
| Crypt | 1 | |
| Altar of Darkness | 1 | |
| Ziggurat | 5 | |
| Tomb of Relics | 1 | |
| Halls of the Dead | 5 | |
| Slaughterhouse | 1 | |
| Black Citadel | 2 | |
| Necropolis | 1 | |
18 total
» build order
00:12 Graveyard
00:15 Crypt
00:51 Altar of Darkness
01:02 Ziggurat
01:27 Tomb of Relics
02:04 Ziggurat
04:13 Halls of the Dead
04:13 Halls of the Dead
04:14 Halls of the Dead
06:06 Ziggurat
07:07 Slaughterhouse
07:26 Black Citadel
07:26 Black Citadel
08:32 Ziggurat
13:22 Ziggurat
18:50 Necropolis
» items
| Rod of Necromancy | 3 | |
| Potion of Lesser Invulnerability | 2 | |
| Potion of Healing | 3 | |
| Potion of Mana | 3 | |
| Orb of Corruption | 1 | |
| Scroll of Town Portal | 2 | |
| Scroll of Healing | 4 | |
18 total
Chat log
(00:08 / Allies) hima: alex
(00:08 / Allies) hima: and tom
(00:17 / All) SIEGE_CHAMPION: LOL
(00:18 / All) SIEGE_CHAMPION: HI NOOB
(00:21 / All) hima: like that rape on phantom faggot?
(00:30 / All) hima: you got an even worse ally now
(00:33 / All) hima: how do you stand a chance
(00:34 / All) hima: shit kid
(00:35 / All) PRONESS[ACOA]: LOL
(00:40 / All) SIEGE_CHAMPION: IM 24-2 AND BOTH LOSSES WERE DC
(00:42 / All) SIEGE_CHAMPION: NICE TRY
(00:42 / All) SIEGE_CHAMPION: LOL
(00:47 / All) hima: "sure"
(01:04 / Allies) DarkPallidan34: wanna do what we did last time?
(01:07 / Allies) hima: sure
(01:15 / All) hima: go back to hiding on smurfs
(01:21 / All) hima: and lose to tdk with maphack
(01:23 / All) hima: shitk1d
(01:24 / All) SIEGE_CHAMPION: LOL SOMEONES MAD
(01:28 / All) hima: ofc
(01:41 / All) DarkPallidan34: plz
(01:47 / All) DarkPallidan34: stop cussing if my mom she that she'll kik me off
(02:03 / Allies) DarkPallidan34: do my shpo
(02:03 / Allies) DarkPallidan34: w. me
(02:09 / Allies) hima: as soon as dk is out
(02:12 / Allies) hima: ill be there
(02:17 / Allies) hima: pronessacoa aka alex
(02:18 / Allies) hima: is terrible
(02:37 / Allies) hima: we need
(02:38 / Allies) hima: ls
(02:38 / Allies) hima: lol
(03:06 / Allies) hima: omw
(03:10 / Allies) hima: mk
(03:11 / Allies) hima: yellow
(03:23 / All) hima: out
(03:24 / All) hima: voirgin
(03:37 / Allies) DarkPallidan34: ugh
(03:44 / All) SIEGE_CHAMPION: RAPED LOL
(03:46 / Allies) DarkPallidan34: at least they arent expoing
(03:48 / All) hima: you lost
(03:52 / Allies) DarkPallidan34: we should tho
(03:54 / Allies) DarkPallidan34: lets do this goldmine onw
(04:01 / Allies) DarkPallidan34: dome while he's dead
(04:03 / Allies) DarkPallidan34: come*
(04:17 / Allies) hima: go
(04:42 / Allies) hima: i saw
(04:47 / Allies) DarkPallidan34: do the shop
(04:48 / Allies) hima: come
(05:54 / Allies) DarkPallidan34: coil mk
(07:10 / Allies) DarkPallidan34: other shop
(07:19 / Allies) DarkPallidan34: try to keep mks weak
(07:37 / Allies) DarkPallidan34: share
(08:05 / Allies) DarkPallidan34: 2x gryph no doubt eh
(08:09 / Allies) hima: yea
(08:18 / Allies) DarkPallidan34: lets hit tpo
(08:19 / Allies) DarkPallidan34: tom
(09:16 / Allies) DarkPallidan34: i tped
(09:23 / Allies) DarkPallidan34: share when u can
(09:36 / All) hima: dumb fanboy
(09:36 / All) hima: hands
(09:53 / Allies) hima: gold
(10:09 / Allies) DarkPallidan34: go my expo share when u can
(10:13 / Allies) hima: i shared
(10:15 / Allies) hima: a while ago
(11:05 / Allies) hima: food
(11:08 / Allies) hima: foot
(11:17 / Allies) DarkPallidan34: gogog
(11:35 / Allies) DarkPallidan34: ur call
(11:37 / Allies) DarkPallidan34: i dont hav emuch
(12:17 / All) hima: mega low skill
(12:30 / All) PRONESS[ACOA]: HI NICK
(12:32 / Allies) DarkPallidan34: lets do our red and u expo?
(12:33 / All) hima: ?
(12:34 / All) PRONESS[ACOA]: SICK OF GETTING RAPED W/O MH
(12:36 / All) PRONESS[ACOA]: SO WENT BACK TO MH
(12:37 / All) PRONESS[ACOA]: LOL
(12:41 / All) hima: im not mh
(12:45 / All) hima: i can show screen
(12:45 / Allies) DarkPallidan34: push their expo?
(12:46 / All) hima: clown
(12:53 / All) PRONESS[ACOA]: SURE
(12:56 / All) hima: cry cry cry
(13:15 / Allies) DarkPallidan34: go top right?
(13:15 / Allies) hima: alright
(13:43 / All) DarkPallidan34: can i pause
(13:46 / All) PRONESS[ACOA]: NO
(13:48 / All) DarkPallidan34: Mom wants me to help her with the groceries
(13:50 / All) DarkPallidan34: Sec
(13:51 / All) DarkPallidan34: shes gettin pissed
(14:03 / All) hima: durrr durr
(14:07 / All) hima: focys ghoul with arcane
(14:29 / Allies) DarkPallidan34: ur call
(14:32 / Allies) hima: urs
(14:44 / Allies) DarkPallidan34: im b
(15:15 / Allies) DarkPallidan34: ready?
(15:33 / Allies) DarkPallidan34: lets go back
(15:38 / Allies) hima: need invu
(15:43 / Allies) DarkPallidan34: eh
(15:44 / Allies) hima: nvm
(15:44 / Allies) DarkPallidan34: take mine i guess
(15:47 / Allies) DarkPallidan34: i keep
(16:30 / Allies) DarkPallidan34: run if ur in trouble
(16:41 / All) DarkPallidan34: AHHHHHHHHH- mountain king
(17:14 / Allies) DarkPallidan34: u need to take an expo but
(17:18 / Allies) DarkPallidan34: can u take this one
(17:25 / Allies) hima: wait
(17:27 / Allies) hima: lihc 3
(18:06 / Allies) DarkPallidan34: do this corner?
(18:42 / Allies) hima: 100g
(18:58 / Allies) hima: 100
(19:43 / Allies) DarkPallidan34: b
(19:43 / Allies) hima: b?
(19:44 / Allies) DarkPallidan34: b
(20:08 / Allies) hima: gold
(20:08 / Allies) hima: me
(20:10 / Allies) hima: 100
(20:17 / Allies) DarkPallidan34: ready?
(20:19 / Allies) hima: y
(20:25 / All) DarkPallidan34: FOR KAZ'MODAN
(21:44 / All) PRONESS[ACOA]: GG NICK/VETKID
(21:47 / All) DarkPallidan34: im not
(21:47 / All) hima: not vetkiun
(21:48 / All) DarkPallidan34: vetkid
(21:52 / All) DarkPallidan34: im ur friend
(22:02 / All) PRONESS[ACOA]: ?
(22:04 / All) PRONESS[ACOA]: HUH?
(22:04 / All) DarkPallidan34: im
(22:07 / All) DarkPallidan34: lordpallidan12
(22:08 / All) DarkPallidan34: ur friend
(22:18 / All) PRONESS[ACOA]: ...
(22:20 / All) PRONESS[ACOA]: IDK WHO THAT IS...
(22:24 / All) DarkPallidan34: yes u do silly
(22:27 / All) DarkPallidan34: we talked b4